Map: Romanticide LE

Players

Scorpion - Winner!

  • Race: Protoss Protoss
  • League: Diamond

PashkaRU

  • Race: Protoss Protoss
  • League: Diamond

VOD

Have the link to the VOD?

Description

Time

  • Played on: May 1, 2021, 5:11 p.m.
  • Length: 5:17
Show
View Real Time Build Order
Export as new Build Order

Scorpion Protoss - Winner!

Build Orders:  

Get SALT Encoding   

  12  0:00  Probe  
  13  0:12  Probe  
  14  0:20  Pylon  
  14  0:24  Probe  
  15  0:38  Probe (Chrono Boost)  
  15  0:42  Forge  
  16  0:47  Probe (Chrono Boost)  
  17  1:05  Pylon  
  17  1:06  Pylon  
  17  1:24  Photon Cannon  
  17  1:25  Photon Cannon  
  17  1:28  Probe  
  18  1:34  Gateway  
  18  1:37  Assimilator  
  18  1:48  Probe  
  18  1:52  Assimilator  
  19  2:00  Probe  
  20  2:12  Probe  
  20  2:24  Probe  
  20  2:27  Cybernetics Core  
  21  2:36  Probe  
  21  2:37  Pylon  
  22  2:48  Probe  
  23  3:00  Probe  
  23  3:05  Stargate  
  25  3:12  Probe, Stargate  
  25  3:24  Nexus  
  25  3:28  Pylon  
  25  3:30  Probe  
  26  3:42  Probe  
  26  3:43  Pylon  
  26  3:45  Void Ray (Chrono Boost)  
  31  4:03  Void Ray (Chrono Boost)  
  31  4:05  Pylon  
  35  4:15  Probe  
  36  4:28  Photon Cannon  
  36  4:29  Probe  
  41  4:39  Void Ray (Chrono Boost)  
  41  4:42  Probe  
  42  4:51  Shield Battery  
  42  4:52  Shield Battery  
  42  4:54  Shield Battery  
  42  4:56  Probe  
  43  5:01  Probe  
  43  5:05  Assimilator  
Show
View Real Time Build Order
Export as new Build Order

PashkaRU Protoss 

Build Orders: Cannon Rush 

Get SALT Encoding   

  12  0:00  Probe  
  13  0:12  Probe  
  14  0:17  Pylon  
  14  0:25  Probe (Chrono Boost)  
  16  0:37  Probe (Chrono Boost), Gateway  
  16  0:42  Probe (Chrono Boost)  
  16  0:46  Assimilator  
  17  0:51  Probe  
  17  0:55  Assimilator  
  18  1:03  Probe (Chrono Boost)  
  19  1:08  Gateway  
  19  1:12  Forge  
  19  1:18  Pylon  
  19  1:21  Probe  
  20  1:33  Probe  
  21  1:45  Photon Cannon  
  21  1:48  Photon Cannon  
  21  1:57  Photon Cannon  
  21  2:01  Photon Cannon  
  21  2:03  Photon Cannon  
  21  2:06  Photon Cannon  
  21  2:13  Probe (Chrono Boost)  
  23  2:24  Probe (Chrono Boost)  
  23  2:25  Photon Cannon  
  23  2:29  Probe (Chrono Boost)  
  23  2:32  Cybernetics Core  
  24  2:39  Gateway  
  24  2:44  Probe  
  25  2:57  Probe, Pylon  
  26  3:09  Probe, Stargate  
  27  3:23  Warp Gate  
  27  3:26  Stalker  
  27  3:27  Stalker  
  31  3:34  Probe  
  32  3:57  Sentry x2  
  36  4:05  Nexus  
  36  4:07  Pylon  
  36  4:21  Void Ray (Chrono Boost)  
  36  4:22  Pylon  
  39  4:33  Pylon  
Tags
 
Add a new tag
Caveats
  • Supply blocks, unpowered buildings, or Contaminate may cause inaccurate times.
  • Supply counts are checked every 10 seconds.